 Dungeon Crawl Stone Soup version 0.30-a0-802-gb92711bcdf (webtiles) character file.

Game seed: 14889802626171550181

2147 retardedninja the Shield-Bearer (level 9, -1/69 (74) HPs)
             Began as a Gnoll Fighter on Feb 23, 2023.
             Slain by a wight
             ... wielding a +5 halberd
              (11 damage)
             ... on level 7 of the Dungeon.
             The game lasted 00:09:02 (9040 turns).

retardedninja the Shield-Bearer (Gnoll Fighter)     Turns: 9040, Time: 00:09:03

HP:   -1/69 (74)    AC: 13    Str: 19    XL:     9   Next: 31%
MP:   15/15         EV:  8    Int:  9    God:
Gold: 218           SH:  5    Dex: 11    Spells: 16/16 levels left

rFire   + . .      SeeInvis +    s - +0 war axe (heavy)
rCold   . . .      Faith    .    c - +0 buckler
rNeg    . . .      Spirit   .    t - +0 chain mail
rPois   .          Reflect  .    (no helmet)
rElec   .          Harm     .    (no cloak)
rCorr   .          Rampage  .    (no gloves)
Will    .....                    g - +1 pair of boots Stlth
                                 (no amulet)
HPRegen 0.31/turn                l - ring of protection from fire
MPRegen 0.14/turn                r - ring of see invisible

@: drained
A: fangs 1, strong nose, distributed training
a: no special abilities


You were on level 7 of the Dungeon.
You visited 2 branches of the dungeon, and saw 8 of its levels.

You collected 218 gold pieces.

Inventory:

Hand Weapons
 s - a +0 heavy war axe (weapon)
Armour
 c - a +0 buckler (worn)
 g - a +1 pair of boots (worn)
 t - a +0 chain mail (worn)
Jewellery
 h - an amulet of the acrobat
 l - a ring of protection from fire (left hand)
 r - a ring of see invisible (right hand)
Wands
 d - a wand of charming (4)
 w - a wand of polymorph (11)
Scrolls
 e - a scroll of summoning
 f - 3 scrolls of fog
 i - a scroll of blinking {unknown}
 n - a scroll of immolation
 q - a scroll of noise
 A - a scroll of magic mapping {unknown}
Potions
 a - a potion of ambrosia
 b - a potion of heal wounds
 o - 4 potions of curing
 p - 2 potions of resistance
 u - a potion of attraction
 v - a potion of cancellation
 z - a potion of flight


   Skills:
 + Level 7.9 Fighting
 + Level 4.2 Short Blades
 + Level 4.2 Long Blades
 + Level 6.3 Axes
 + Level 4.2 Maces & Flails
 + Level 4.2 Polearms
 + Level 4.2 Staves
 + Level 4.2 Ranged Weapons
 + Level 4.2 Throwing
 + Level 7.9 Armour
 + Level 4.2 Dodging
 + Level 4.2 Stealth
 + Level 7.9 Shields
 + Level 4.2 Unarmed Combat
 + Level 4.2 Spellcasting
 + Level 3.5 Conjurations
 + Level 3.5 Hexes
 + Level 3.5 Summonings
 + Level 3.5 Necromancy
 + Level 3.5 Translocations
 + Level 3.5 Transmutations
 + Level 3.5 Fire Magic
 + Level 3.5 Ice Magic
 + Level 3.5 Air Magic
 + Level 3.5 Earth Magic
 + Level 3.5 Poison Magic
 + Level 4.7 Invocations
 + Level 4.2 Evocations


You had 16 spell levels left.
You didn't know any spells.
Your spell library contained the following spells:

 Spells                   Type           Power      Damage    Failure   Level
 Kiss of Death            Conj/Necr      32%        2d7       56%         1
 Ensorcelled Hibernation  Hex/Ice        16%        N/A       71%         2
 Passwall                 Tmut/Erth      6%         N/A       71%         2
 Confusing Touch          Hex            8%         N/A       90%         3
 Swiftness                Air            8%         N/A       90%         3
 Dispel Undead            Necr           8%         3d8       100%        4


Dungeon Overview and Level Annotations

Branches:
Dungeon (7/15)             Temple (1/1) D:6

Altars:
Ashenzari
Cheibriados
Dithmenos
Elyvilon
Fedhas
Hepliaklqana
Kikubaaqudgha
Makhleb
Nemelex Xobeh
Okawaru
Qazlal
Ru
Sif Muna
Vehumet
Wu Jian
Yredelemnul
Zin

Shops:
D:4 (*[

Annotations:
D:4 exclusion: oklob plant


Innate Abilities, Weirdness & Mutations

You have very sharp teeth.
Your uncanny sense of smell can sniff out nearby items.
Your experience applies equally to all skills.


Message History

There is a stone staircase leading down here. 4 wights come into view.
A wight is wielding a +2 spear of freezing.
The wight moves out of view.
You see here a +0 leather armour.
A wight comes into view.
It is wielding a +5 halberd and wearing a +1 robe of the Archmagi.
You block the wight's attack.
You hit the wight.
The wight is lightly damaged.
The wight hits you with a +2 spear of freezing.
The wight freezes you.
You slash the wight!
You destroy the wight!
The wight hits you with a +2 long sword.
You feel drained.
You slash the wight!
The wight is almost destroyed.
The wight hits you with a +2 long sword.
The wight hits you from afar with a +5 halberd.
You block the wight's attack.
The wight hits you from afar with a +5 halberd.
You feel drained.
You barely miss the wight.
The wight is almost destroyed.
The wight hits you with a +2 long sword.
The wight hits you from afar with a +5 halberd!
The wight barely misses you.
The wight hits you with a +2 long sword!
You hit the wight.
The wight is almost destroyed.
You block the wight's attack. The wight barely misses you.
The wight hits you from afar with a +5 halberd!
* * * LOW HITPOINT WARNING * * *
You feel drained.
* * * LOW HITPOINT WARNING * * *
The wight barely misses you.
You slice the wight!!
You destroy the wight!
The wight hits you from afar with a +5 halberd!
You die... ##### #...# ... ### .zz

##.########## #z#
##.........#.. #)#
#.............
#@####...#.###.#.#
#.[>.>.....# #.#.#
#######.#### #.#.#
#.# #.#.#
##.######.#.#
##.....<...#.#
##.....######..
#.......## ##.
#.........####..


You could see 3 wights.

Vanquished Creatures
  Eustachio (D:5)
  An ice beast (D:6)
  3 orc warriors
  A sky beast (D:6)
  2 ogres
  A centaur (D:6)
  3 phantoms (D:4)
  A bullfrog (D:6)
  A scorpion (D:4)
  2 wights (D:7)
  4 killer bees (D:4)
  4 hounds
  4 iguanas
  An orc priest (D:6)
  Ijyb (D:3)
  Jessica (D:3)
  Natasha (thrice) (D:3)
  3 orc wizards
  7 gnolls
  8 adders
  A white imp (D:6)
  An ufetubus (D:5)
  4 worms
  2 dart slugs
  22 orcs
  8 endoplasms
  2 giant cockroaches
  7 goblins
  8 hobgoblins
  4 jackals (D:1)
  4 quokkas
  11 ball pythons
  8 bats
  2 frilled lizards
  6 kobolds
  A quokka zombie (D:6)
  3 rats
  A rat zombie (D:6)
147 creatures vanquished.

Notes
Turn   | Place    | Note
-------+----------+-------------------------------------------
     0 | D:1      | retardedninja the Gnoll Fighter began the quest for the
                  | Orb.
     0 | D:1      | Reached XP level 1. HP: 23/23 MP: 1/1
   175 | D:1      | Reached XP level 2. HP: 29/29 MP: 2/2
   999 | D:2      | Reached XP level 3. HP: 35/35 MP: 3/3
  1133 | D:2      | Reached skill level 1 in Invocations
  1189 | D:2      | Reached skill level 1 in Short Blades
  1189 | D:2      | Reached skill level 1 in Long Blades
  1189 | D:2      | Reached skill level 1 in Maces & Flails
  1189 | D:2      | Reached skill level 1 in Polearms
  1189 | D:2      | Reached skill level 1 in Staves
  1189 | D:2      | Reached skill level 1 in Ranged Weapons
  1189 | D:2      | Reached skill level 1 in Throwing
  1189 | D:2      | Reached skill level 1 in Dodging
  1189 | D:2      | Reached skill level 1 in Stealth
  1189 | D:2      | Reached skill level 1 in Unarmed Combat
  1189 | D:2      | Reached skill level 1 in Spellcasting
  1189 | D:2      | Reached skill level 1 in Evocations
  1367 | D:2      | Reached XP level 4. HP: 41/41 MP: 5/5
  1575 | D:3      | Noticed Jessica
  1585 | D:3      | Killed Jessica
  1586 | D:3      | Reached skill level 1 in Conjurations
  1586 | D:3      | Reached skill level 1 in Hexes
  1586 | D:3      | Reached skill level 1 in Summonings
  1586 | D:3      | Reached skill level 1 in Necromancy
  1586 | D:3      | Reached skill level 1 in Translocations
  1586 | D:3      | Reached skill level 1 in Transmutations
  1586 | D:3      | Reached skill level 1 in Fire Magic
  1586 | D:3      | Reached skill level 1 in Ice Magic
  1586 | D:3      | Reached skill level 1 in Air Magic
  1586 | D:3      | Reached skill level 1 in Earth Magic
  1586 | D:3      | Reached skill level 1 in Poison Magic
  1866 | D:3      | Noticed Ijyb
  1894 | D:3      | Killed Ijyb
  1895 | D:3      | Reached XP level 5. HP: 40/47 MP: 5/7
  1984 | D:3      | You fall into a shaft and drop 2 floors!
  1984 | D:5      | Entered Level 5 of the Dungeon
  1994 | D:4      | Found Xuydy's Antique Armour Boutique.
  2016 | D:4      | Noticed a phantom
  2036 | D:4      | Killed a phantom
  2209 | D:4      | Found a blossoming altar of Fedhas.
  2224 | D:4      | Noticed an oklob plant
  2369 | D:4      | Reached XP level 6. HP: 43/53 MP: 8/8
  2434 | D:4      | Reached skill level 5 in Axes
  2546 | D:4      | Reached XP level 7. HP: 57/60 MP: 10/10
  2686 | D:4      | Found Beuggalih's General Store.
  2781 | D:4      | Found Affatral's Weapon Emporium.
  3467 | D:3      | Noticed Natasha
  3476 | D:3      | Killed Natasha
  3605 | D:3      | Noticed Natasha
  3609 | D:3      | Killed Natasha
  3630 | D:3      | Noticed Natasha
  3638 | D:3      | Killed Natasha
  4498 | D:4      | Reached XP level 8. HP: 27/67 MP: 12/12
  5786 | D:5      | Noticed Eustachio
  5804 | D:5      | Killed Eustachio
  7486 | D:6      | Found a staircase to the Ecumenical Temple.
  7515 | D:6      | Reached XP level 9. HP: 22/73 MP: 14/14
  7528 | Temple   | Entered the Ecumenical Temple
  7979 | D:6      | Found a stormy altar of Qazlal.
  9040 | D:7      | Slain by a wight

Illustrated notes

Levels and vault maps discovered:
D:1:      roderic_dead_forest, layout_loops_corners, nrook_mini_backslash
D:2:      layout_rooms, minmay_tall_x
D:3:      layout_basic, chequers_arboretum, kennysheep_generic_room_16,
          uniq_ijyb, uniq_natasha, uniq_jessica
D:4:      kennysheep_spiral_hall, layout_loops_ring, tgw_fedhas, serial_shops,
          nicolae_shop_bloodbath_and_beyond, kennysheep_mini, shop,
          serial_rivers, chequers_serial_rivers_small_b,
          chequers_serial_rivers_marsh, chequers_serial_rivers_room_b,
          chequers_serial_rivers_small_b
D:5:      layout_rooms, uniq_eustachio
D:6:      layout_rooms, nicolae_qazlal_general_emergency,
          minmay_temple_entry_statues_pillars, enter_ossuary_4
D:7:      lemuel_ice_statue, layout_loops_corners, mainiacjoe_overflow_24_doors,
          enter_bailey_2
Temple:   bh_familiar_temple

Skill      XL: |  1  2  3  4  5  6  7  8  9 |
---------------+----------------------------+-----
Invocations    | 1 2 3 4 |  4.7
Short Blades   | 1 2 3 4 |  4.2
Long Blades    | 1 2 3 4 |  4.2
Maces & Flails | 1 2 3 4 |  4.2
Polearms       | 1 2 3 4 |  4.2
Staves         | 1 2 3 4 |  4.2
Ranged Weapons | 1 2 3 4 |  4.2
Throwing       | 1 2 3 4 |  4.2
Dodging        | 1 2 3 4 |  4.2
Stealth        | 1 2 3 4 |  4.2
Unarmed Combat | 1 2 3 4 |  4.2
Spellcasting   | 1 2 3 4 |  4.2
Evocations     | 1 2 3 4 |  4.2
Conjurations   | 1 2 3 |  3.5
Hexes          | 1 2 3 |  3.5
Summonings     | 1 2 3 |  3.5
Necromancy     | 1 2 3 |  3.5
Translocations | 1 2 3 |  3.5
Transmutations | 1 2 3 |  3.5
Fire Magic     | 1 2 3 |  3.5
Ice Magic      | 1 2 3 |  3.5
Air Magic      | 1 2 3 |  3.5
Earth Magic    | 1 2 3 |  3.5
Poison Magic   | 1 2 3 |  3.5
Axes           | 5 6 |  6.3
Fighting       | 7 |  7.9
Armour         | 7 |  7.9
Shields        | 7 |  7.9

Action                     |  1- 3 |  4- 6 |  7- 9 || total
---------------------------+-------+-------+-------++-------
  Melee: War axe           |   109 |   109 |   326 ||   544
         Bite              |     5 |     9 |    32 ||    46
  Evoke: Wand              |       |       |     8 ||     8
    Use: Potion            |       |     3 |     4 ||     7
         Scroll            |       |       |    16 ||    16
 Armour: Scale mail        |    54 |    15 |       ||    69
         Chain mail        |       |    52 |   234 ||   286
         Skin              |       |       |    34 ||    34
  Dodge: Dodged            |    52 |    52 |   177 ||   281
  Block: Buckler           |    36 |    32 |   123 ||   191

Table legend: (Time is in decaauts)
 A = Elapsed time spent in this place.
 B = Non-inter-level travel time spent in this place.
 C = Inter-level travel time spent in this place.
 D = Time resting spent in this place.
 E = Time spent auto-exploring this place.
 F = Levels seen in this place.
 G = Mean time per level.
                   A        B        C        D        E       F      G
               +--------+--------+--------+--------+--------+-----+--------+
         Total |   9225 |   9016 |    209 |   3802 |   3884 |   8 | 1153.1 |
       Dungeon |   8798 |   8601 |    197 |   3559 |   3718 |   7 | 1256.9 |
        Temple |    426 |    414 |     12 |    243 |    166 |   1 |  426.0 |
               +--------+--------+--------+--------+--------+-----+--------+

Top non-repeatable levels by time:
     D:4: 3994 daAuts
     D:6: 1108 daAuts
     D:3: 1048 daAuts
     D:5: 990 daAuts
     D:1: 966 daAuts
     D:2: 616 daAuts
  Temple: 426 daAuts
     D:7: 73 daAuts
